Map: Neon Violet Square LE

Players

Dessa - Winner!

  • Race: Zerg Zerg
  • League: Diamond
  • Spawn Location: 11:00

noudi

  • Race: Zerg Zerg
  • League: Diamond
  • Spawn Location: 5:00

VOD

Have the link to the VOD?

Description

Time

  • Played on: Jan. 4, 2018, 1:38 p.m.
  • Length: 13:39
Show
View Real Time Build Order
Export as new Build Order

Dessa Zerg - Winner!

Build Orders: Pool First 

Get SALT Encoding   

  12  0:01  Drone  
  13  0:13  Overlord  
  13  0:18  Drone  
  14  0:31  Drone x2  
  16  0:36  Drone  
  16  0:41  Extractor  
  16  0:46  Drone  
  17  0:53  Spawning Pool  
  17  0:57  Drone  
  17  1:20  Hatchery  
  17  1:25  Drone  
  17  1:27  Drone  
  18  1:35  Overlord  
  18  1:43  Metabolic Boost  
  18  1:54  Queen  
  18  1:58  Drone  
  21  2:04  Drone  
  21  2:06  Zergling x2  
  23  2:12  Zergling x2  
  24  2:32  Queen  
  24  2:33  Drone  
  24  2:34  Drone  
  28  2:39  Drone  
  28  2:40  Extractor  
  28  2:43  Drone  
  29  2:47  Baneling Nest  
  29  2:49  Drone  
  29  2:54  Drone  
  30  2:58  Drone  
  30  3:05  Overlord  
  31  3:09  Drone x2  
  31  3:10  Drone  
  33  3:17  Drone  
  34  3:21  Zergling x2  
  35  3:34  Drone  
  36  3:35  Drone  
  36  3:37  Overlord  
  36  3:38  Hatchery  
  36  3:42  Baneling x2  
  36  3:49  Overlord  
  36  3:50  Overlord  
  36  3:54  Drone  
  36  3:55  Drone x2  
  39  4:13  Drone x3  
  39  4:14  Evolution Chamber  
  39  4:17  Roach Warren, Evolution Chamber  
  40  4:21  Drone x2  
  40  4:22  Drone  
  42  4:26  Extractor  
  42  4:27  Drone x2, Extractor  
  42  4:28  Zergling x2  
  42  4:31  Zergling x2  
  44  4:32  Zergling x2  
  44  4:34  Baneling x2  
  45  4:38  Zergling x2  
  45  4:39  Zergling x2  
  45  5:07  Baneling x3, Zergling x4  
  45  5:08  Zergling x2  
  45  5:10  Queen  
  45  5:13  Lair  
  50  5:14  Zerg Ground Armor Level 1, Zerg Missile Weapons Level 1  
  50  5:18  Drone  
  50  5:20  Drone  
  52  5:21  Drone  
  52  5:24  Pneumatized Carapace  
  52  5:25  Hatchery  
  52  5:26  Drone  
  53  5:30  Overlord  
  53  5:32  Drone  
  53  5:33  Drone  
  56  5:35  Drone  
  56  5:36  Drone  
  56  5:38  Drone  
  56  5:41  Drone  
  56  5:42  Drone  
  60  5:50  Overlord  
  60  5:53  Baneling x2  
  61  6:08  Hatchery  
  60  6:13  Glial Reconstitution  
  60  6:16  Drone x3  
  60  6:17  Drone  
  64  6:21  Drone x2, Extractor x2  
  64  6:22  Drone x3  
  64  6:23  Drone x3, Overlord  
  64  6:24  Overlord  
  70  6:27  Roach x4  
  78  6:36  Roach  
  80  6:53  Roach x4  
  80  6:54  Roach x2, Overlord x2  
  92  7:04  Hydralisk Den  
  92  7:05  Overlord  
  92  7:08  Zerg Missile Weapons Level 2  
  91  7:13  Drone x2  
  91  7:14  Zerg Ground Armor Level 2  
  93  7:26  Spore Crawler  
  93  7:28  Drone x2, Spore Crawler  
  93  7:29  Spore Crawler  
  92  7:32  Hydralisk x5  
  103  7:44  Spore Crawler  
  93  8:14  Drone x4  
  93  8:15  Drone  
  93  8:18  Roach, Hydralisk x5  
  93  8:19  Roach x4  
  115  8:33  Drone  
  116  8:45  Queen  
  116  8:46  Queen  
  114  9:02  Hydralisk  
  114  9:03  Hydralisk x8  
  119  9:19  Hydralisk x5  
  117  9:34  Hydralisk x4  
  117  9:37  Hatchery  
  98  10:08  Roach  
  98  10:09  Roach x15  
  130  10:14  Overlord x2  
  130  10:26  Muscular Augments  
  130  10:29  Hatchery  
  130  10:30  Overlord x2  
  129  10:54  Queen  
  131  11:00  Drone  
  131  11:01  Drone x6  
  131  11:02  Drone x3  
  131  11:03  Hydralisk x3  
  147  11:04  Extractor  
  147  11:07  Extractor  
  145  11:17  Overlord x2  
  145  11:22  Infestation Pit  
  142  11:45  Hydralisk  
  142  11:46  Hydralisk x11  
  136  11:59  Hydralisk  
  136  12:00  Hydralisk x5  
  140  12:11  Hydralisk x4  
  140  12:15  Hydralisk x2  
  140  12:29  Hydralisk x3  
  136  12:30  Hydralisk x2  
  136  12:36  Roach  
  136  12:37  Roach x3  
  135  12:51  Drone x3  
  135  12:52  Drone x3  
  135  12:57  Roach x2  
  135  12:58  Roach x2  
  152  13:05  Roach x2  
Show
View Real Time Build Order
Export as new Build Order

noudi Zerg 

Build Orders: Hatch First, Muta Ling Bane 

Get SALT Encoding   

  12  0:01  Drone  
  13  0:13  Overlord  
  13  0:18  Drone  
  14  0:33  Drone  
  14  0:34  Drone  
  14  0:35  Drone  
  17  0:56  Hatchery  
  16  0:58  Drone  
  17  1:13  Spawning Pool  
  17  1:16  Extractor  
  17  1:17  Drone  
  16  1:20  Drone  
  16  1:23  Drone  
  18  1:29  Drone  
  19  1:40  Overlord  
  19  2:01  Queen  
  19  2:08  Queen  
  23  2:09  Drone x3  
  26  2:22  Baneling Nest  
  26  2:32  Evolution Chamber  
  26  2:37  Drone x5  
  30  2:48  Drone  
  31  2:58  Zerg Ground Armor Level 1  
  31  3:16  Metabolic Boost  
  31  3:18  Overlord  
  31  3:21  Drone x5  
  31  3:26  Spine Crawler  
  35  3:37  Overlord x2  
  35  3:43  Baneling Nest  
  35  3:46  Hatchery  
  33  3:50  Zergling x4  
  33  3:51  Zergling x6  
  38  4:04  Drone x2  
  38  4:05  Drone  
  38  4:06  Zergling x4  
  43  4:14  Drone  
  44  4:26  Drone x3  
  44  4:28  Lair  
  47  4:31  Extractor  
  47  4:32  Extractor  
  47  4:35  Drone x3  
  47  4:37  Drone x3  
  51  4:41  Extractor  
  47  5:02  Zergling x6  
  47  5:03  Zergling x14  
  57  5:08  Drone  
  58  5:15  Queen  
  58  5:19  Drone x3  
  63  5:25  Spire  
  62  5:28  Drone  
  62  5:29  Drone x3  
  62  5:31  Baneling  
  62  5:32  Baneling x2  
  66  5:43  Overlord x3  
  66  5:44  Overlord  
  66  5:45  Spine Crawler  
  65  5:50  Extractor  
  65  5:51  Drone x2  
  66  6:00  Overlord  
  66  6:02  Extractor  
  65  6:05  Drone x3  
  65  6:09  Overlord x3  
  68  6:25  Overlord x2  
  68  6:26  Overlord  
  68  6:45  Mutalisk x2  
  68  6:46  Mutalisk x6  
  68  6:47  Mutalisk  
  85  6:57  Zerg Flyer Armor Level 1  
  85  6:58  Overlord  
  85  7:07  Drone x5  
  85  7:08  Drone  
  91  7:14  Mutalisk x2  
  95  7:29  Mutalisk  
  95  7:30  Mutalisk x4  
  103  8:00  Mutalisk x5  
  109  8:10  Mutalisk x2  
  88  8:24  Drone x5  
  88  8:25  Drone  
  92  8:30  Centrifical Hooks  
  92  8:42  Zergling x12  
  92  8:44  Baneling x4  
  92  8:45  Baneling x2  
  98  8:49  Drone x2  
  100  9:01  Mutalisk x4  
  100  9:02  Mutalisk  
  98  9:21  Mutalisk x3  
  91  9:26  Zergling x2  
  91  9:27  Zergling x12  
  86  9:32  Mutalisk x2  
  86  9:37  Zergling x2  
  82  9:48  Mutalisk  
  79  10:13  Drone x2  
  79  10:14  Drone x2  
  82  10:15  Queen  
  82  10:20  Mutalisk x3, Overlord  
  91  10:32  Queen  
  91  10:33  Drone x4  
  97  10:41  Mutalisk  
  97  10:42  Mutalisk x2  
  99  10:51  Zergling x6  
  99  10:52  Zergling x8  
  106  11:02  Zerg Melee Weapons Level 1  
  106  11:05  Hatchery  
  106  11:06  Drone x3, Evolution Chamber  
  106  11:07  Zerg Flyer Armor Level 2  
  106  11:09  Hatchery  
  106  11:14  Baneling x4  
  106  11:15  Baneling x4  
  106  11:29  Drone x2  
  106  11:30  Drone x3  
  103  11:44  Zergling x4  
  103  11:45  Zergling x6, Mutalisk x3  
  89  11:55  Mutalisk x3  
  89  12:00  Mutalisk  
  89  12:01  Zergling x2  
  81  12:11  Mutalisk  
  81  12:15  Zergling x10  
  69  12:16  Zergling x6  
  69  12:18  Queen  
  69  12:19  Queen  
  70  12:29  Drone x3  
  64  12:30  Drone x2  
  64  12:35  Zergling x2  
  61  12:44  Drone  
  61  12:45  Drone  
  63  12:55  Drone x2  
  64  13:25  Drone x2  
  64  13:26  Drone x7  
Tags
 
Add a new tag
Caveats
  • Supply blocks, unpowered buildings, or Contaminate may cause inaccurate times.
  • Supply counts are checked every 10 seconds.